 Dungeon Crawl Stone Soup version 0.28-a0-984-g3775c662fe (console) character file.

Game seed: 16624802832978446673

141215 jejorda2 the Phalangite (level 17, -1/199 HPs)
             Began as a Merfolk Berserker on Dec 3, 2021.
             Was the Champion of Trog.
             Succumbed to a redback's poison
             ... on level 2 of the Spider Nest.
             The game lasted 01:33:56 (38212 turns).

jejorda2 the Phalangite (Merfolk Berserker)        Turns: 38212, Time: 01:33:57

Health: -1/199     AC: 38    Str: 20 (21) XL:     17   Next: 32%
Magic:  17/17      EV:  9    Int: 13      God:    Trog [******]
Gold:   2652       SH:  0    Dex: 18      Spells: 16/16 levels left

rFire   + + .      SeeInvis +   a - +0 bardiche
rCold   . . .      Faith    +   (shield currently unavailable)
rNeg    + . .      Spirit   .   h - +7 plate armour of the Game Afoot {rPois rF+ Str-2}
rPois   +          Reflect  .   i - +2 helmet {SInv}
rElec   +          Harm     .   H - +4 cloak of the Zebra {rElec rPois}
rCorr   .          Rampage  .   V - +2 pair of gloves {Dex+3}
Will    +....                   N - +2 pair of boots
Stlth   ..........              u - amulet of faith
HPRegen 0.43/turn               n - ring of positive energy
MPRegen 0.15/turn               O - ring "Cyhuanel" {rF+ Int+6 SInv Stlth+}

@: berserking, lethally poisoned (-1 -> -29), studying 2 skills, very quick
A: (nimble swimmer 2), mertail
a: Renounce Religion, Berserk, Trog's Hand, Brothers in Arms


You were on level 2 of the Spider Nest.
You worshipped Trog.
Trog was exalted by your worship.
You visited 5 branches of the dungeon, and saw 27 of its levels.
You also visited: Ossuary.

You collected 2652 gold pieces.

Inventory:

Hand Weapons
 a - a +0 bardiche (weapon)
 b - a +0 trident
 w - a +3 antimagic glaive
Missiles
 c - 753 stones
 r - 24 curare-tipped darts
 y - 4 throwing nets
 C - 3 silver boomerangs
 K - 17 boomerangs
 M - 4 silver javelins
 P - 119 poisoned darts (quivered)
Armour
 h - the +7 plate armour of the Game Afoot (worn) {rPois rF+ Str-2}
   (You found it on level 8 of the Dungeon)

   Str:       It affects your strength (-2).
   rF:        It protects you from fire.
   rPois:     It protects you from poison.
 i - a +2 helmet of see invisible (worn)
 H - the +4 cloak of the Zebra (worn) {rElec rPois}
   (You found it on level 11 of the Dungeon)

   rElec:     It insulates you from electricity.
   rPois:     It protects you from poison.
 N - a +2 pair of boots (worn)
 V - a +2 pair of gloves of dexterity (worn)
Jewellery
 n - a ring of positive energy (left hand)
 u - an amulet of faith (around neck)
 O - the ring "Cyhuanel" (right hand) {rF+ Int+6 SInv Stlth+}
   (You found it on level 12 of the Dungeon)

   [ring of protection from fire]

   Int:       It affects your intelligence (+6).
   rF:        It protects you from fire.
   SInv:      It lets you see invisible.
   Stlth:     It makes you more stealthy.
 U - a ring of ice
Wands
 l - a wand of flame (64)
 x - a wand of digging (13)
 z - a wand of iceblast (27)
 E - a wand of polymorph (25)
 G - a wand of mindburst (4)
 J - a wand of charming (4)
 S - a wand of acid (6)
Scrolls
 d - 12 scrolls of teleportation
 e - 6 scrolls of blinking
 m - 2 scrolls of fear
 o - 4 scrolls of enchant weapon
 F - a scroll of fog
 R - a scroll of silence
 T - 2 scrolls of enchant armour
Potions
 f - 4 potions of mutation
 g - 6 potions of flight
 j - 10 potions of curing
 p - 4 potions of haste
 q - a potion of resistance
 s - 3 potions of ambrosia
 t - 3 potions of attraction
 v - 3 potions of lignification
 A - a potion of invisibility
 B - 3 potions of cancellation
 D - 3 potions of might
Miscellaneous
 k - a condenser vane (inert)
 I - a lightning rod (4/4)
 L - a tin of tremorstones (1/2)


   Skills:
 - Level 12.0 Fighting
 - Level 24.0 Polearms
 * Level 14.3 Throwing
 - Level 12.5 Armour
 - Level 6.0 Dodging
 + Level 12.0 Evocations


You had 16 spell levels left.
You didn't know any spells.
Your spell library was empty.

Dungeon Overview and Level Annotations

Branches:
Dungeon (15/15)            Temple (0/1) D:5            Lair (6/6) D:11
  Swamp (0/4) Lair:3       Spider (3/4) Lair:4        Slime (1/5) Lair:6
    Orc (2/2) D:11            Elf (0/3) Orc:2        Vaults (0/5) D:14
 Depths (0/4) D:15        Ossuary (visited)

Altars:
Makhleb
Nemelex Xobeh
Okawaru
Xom
Beogh
Jiyva

Shops:
D:5 =   D:11 (   D:13 **   Orc:2 [:[[(*!?

Portals:
Abyss: D:5

Annotations:
D:3 2 transporters, AmazingEquinox's ghost, weakling MiBe
D:5 2 transporters, DrKleor's ghost, novice DsFi


Innate Abilities, Weirdness & Mutations

((You are quick and stealthy near water. (Stealth+, EV+, Speed+++)))
Your lower body shifts to a powerful aquatic tail in water.


Message History

The demonic crawler hits you.
* * * LOW HITPOINT WARNING * * *
You slice the demonic crawler!!
The demonic crawler is severely wounded.
You feel sick. The redback bites you!
* * * LOW HITPOINT WARNING * * *
You are lethally poisoned!
The redback poisons you! The demonic crawler hits you!
* * * LOW HITPOINT WARNING * * *
The demonic crawler barely misses you. x2
You closely miss the redback.
The redback is heavily wounded.
* * * LOW HITPOINT WARNING * * *
You feel very sick.
The redback bites you but does no damage.
The demonic crawler hits you but does no damage. x2
The demonic crawler closely misses you.
You barely miss the redback.
The redback is heavily wounded.
* * * LOW HITPOINT WARNING * * *
You feel very sick.
The demonic crawler hits you but does no damage.
The demonic crawler barely misses you. x2
You slash the redback!
The redback is severely wounded.
* * * LOW HITPOINT WARNING * * *
You feel very sick.
The redback bites you but does no damage.
The demonic crawler hits you but does no damage. x3
You barely miss the redback.
The redback is severely wounded.
* * * LOW HITPOINT WARNING * * *
You feel very sick. The demonic crawler hits you.
* * * LOW HITPOINT WARNING * * *
The demonic crawler hits you but does no damage. x2
The redback bites you but does no damage.
You barely miss the redback.
The redback is severely wounded.
You die...

### ####.## ###.....# ##^......#
#### #.#...#..## ##≈≈##
#....#...^# ≈≈≈≈≈##
#####.#..#...## ≈≈##≈≈#
####..###..^#..#.# ≈≈≈#≈≈#
#@s....#..#...#.#. #≈≈#≈≈##
#ss.....#..#....>. ≈≈##≈≈≈##
##..#.#.........#. ≈###≈≈≈.#
##......#...##.^# ###≈≈≈..##
##.....#..<...## ##≈≈≈#..## ###
#...^...^.#..###
#≈≈#≈#...###.####.....#..##..#..
###≈≈≈#....#..^##...#....###.....
##≈#≈≈##.......#....#.....##.....


You could see 2 demonic crawlers and a redback.

Vanquished Creatures
  Jorgrun (D:15)
  Frances (D:12)
  Agnes (D:14)
  Kirke (Lair:3)
  Donald (Spider:2)
  An orc warlord (Orc:2)
  A ghost moth (Spider:2)
  A dire elephant (D:15)
  An entropy weaver (Spider:1)
  The ghost of Pim Xuuc the Eclecticist, a journeyman DEWz of Vehumet (D:12)
  Harold (Orc:1)
  5 vault guards (D:14)
  Josephine (D:13)
  A rakshasa (D:15)
  4 catoblepae
  11 hydras
  7 centaur warriors
  4 boulder beetles
  5 two-headed ogres
  9 death yaks
  A deep troll shaman (Lair:6)
  3 tengu warriors
  An orc high priest (Orc:2)
  2 deep elf knights (D:14)
  Sonja (Lair:1)
  3 skeletal warriors
  A wizard (D:14)
  3 deep elf pyromancers
  Pikel (D:6)
  18 wolf spiders
  4 orc knights
  3 cyclopes
  14 ugly things
  4 orc sorcerers
  5 orb spiders
  7 black mambas
  A moth of wrath (Spider:1)
  A salamander (D:15)
  34 elephants
  An eye of devastation (shapeshifter) (D:15)
  4 torpor snails
  13 cane toads
  3 gargoyles
  An unseen horror (shapeshifter) (D:13)
  An unseen horror (D:13)
  A yaktaur (shapeshifter) (D:15)
  Maggie (D:7)
  2 efreet
  8 komodo dragons
  6 kobold demonologists (D:12)
  3 rime drakes
  A freezing wraith (D:13)
  3 polar bears
  6 demonic crawlers
  6 trolls
  A queen bee (shapeshifter) (D:13)
  3 meliai (D:12)
  6 jumping spiders
  A wolf spider simulacrum (D:14)
  3 hornets
  7 slime creatures
  3 dream sheep (Lair:5)
  17 blink frogs
  16 tarantellas
  44 redbacks
  A hog (Lair:3)
  10 wraiths
  8 wyverns
  5 shadows
  46 yaks
  Eustachio (D:4)
  4 basilisks
  A basilisk (shapeshifter) (D:15)
  4 steam dragons
  8 vampire mosquitoes
  A warg (D:11)
  An acid dragon (D:8)
  10 water moccasins
  2 sky beasts
  4 black bears
  37 orc warriors
  2 ice beasts
  6 ogres
  13 wolves
  A necrophage (D:8)
  4 boggarts (Lair:6)
  14 centaurs
  3 lemures (D:6)
  A phantom (D:6)
  14 kobold brigands
  Blork the orc (D:6)
  12 bullfrogs
  15 scorpions
  A gnoll sergeant (D:10)
  A wyvern zombie (D:8)
  A water moccasin zombie (D:6)
  15 killer bees
  A wight (D:8)
  4 electric eels
  4 howler monkeys
  8 centaur zombies
  5 jellies
  A centaur skeleton (D:5)
  2 human zombies (Ossuary)
  18 orc priests
  3 hounds
  4 scorpion zombies (Ossuary)
  Crazy Yiuf (D:4)
  2 bullfrog skeletons
  3 iguanas
  26 orc wizards
  A killer bee zombie (D:8)
  3 mummies (Ossuary)
  Robin (D:4)
  3 gnolls (D:10)
  19 adders
  2 shadow imps
  2 white imps (D:7)
  An adder zombie (D:5)
  2 worms
  A dart slug (D:3)
  75 orcs
  4 endoplasms
  6 giant cockroaches
  5 gnoll zombies (Ossuary)
  14 goblins
  5 hobgoblins
  13 jackals
  3 quokkas
  6 ball pythons
  2 bats (D:1)
  2 frilled lizards
  3 goblin zombies (Ossuary)
  29 kobolds
  A kobold zombie (Ossuary)
  An orc zombie (Ossuary)
  7 rats
866 creatures vanquished.

Vanquished Creatures (collateral kills)
  A two-headed ogre (D:8)
  A wolf spider (Spider:2)
  5 redbacks (Spider:2)
  A basilisk (D:14)
  A kobold brigand (D:12)
9 creatures vanquished.

Vanquished Creatures (others)
  An orb spider (Spider:1)
  2 humans (Lair:6)
  A bullfrog (Lair:6)
  2 bushes
  57 fungi
  125 plants
188 creatures vanquished.

Grand Total: 1063 creatures vanquished

Notes
Turn   | Place    | Note
-------+----------+-------------------------------------------
     0 | D:1      | jejorda2 the Merfolk Berserker began the quest for the Orb.
     0 | D:1      | Reached XP level 1. HP: 18/18 MP: 1/1
   336 | D:1      | Reached XP level 2. HP: 24/24 MP: 2/2
   683 | D:1      | Reached skill level 5 in Polearms
  1085 | D:1      | Reached XP level 3. HP: 20/29 MP: 3/3
  1333 | D:1      | Reached ** piety under Trog
  1638 | D:2      | Found a faded altar of an unknown god.
  1653 | D:2      | Reached XP level 4. HP: 26/37 MP: 4/4
  1903 | D:2      | Reached skill level 6 in Polearms
  2452 | D:3      | Reached XP level 5. HP: 42/42 MP: 5/5
  2694 | D:3      | Noticed an ogre
  2694 | D:3      | Noticed AmazingEquinox's ghost (weakling MiBe)
  2695 | D:3      | Found a transporter.
  2709 | D:3      | Found a transporter.
  2834 | D:3      | Noticed a sky beast
  2877 | D:3      | Killed a sky beast
  2878 | D:3      | Reached skill level 7 in Polearms
  2878 | D:3      | Reached XP level 6. HP: 31/49 MP: 6/6
  3192 | D:4      | Noticed Eustachio
  3287 | D:4      | Killed Eustachio
  3288 | D:4      | Reached skill level 8 in Polearms
  3323 | D:4      | Reached skill level 5 in Fighting
  3323 | D:4      | Reached XP level 7. HP: 45/56 MP: 7/7
  3344 | D:4      | Noticed Robin
  3382 | D:4      | Killed Robin
  3432 | D:4      | Found a sand-covered staircase.
  3442 | Ossuary  | Entered an ossuary
  3505 | Ossuary  | Reached *** piety under Trog
  3506 | Ossuary  | Reached skill level 9 in Polearms
  3864 | Ossuary  | Reached XP level 8. HP: 64/64 MP: 8/8
  3879 | Ossuary  | Reached skill level 10 in Polearms
  4054 | Ossuary  | Reached skill level 11 in Polearms
  4778 | D:4      | Found a runed translucent door.
  4779 | D:4      | Noticed Crazy Yiuf
  4790 | D:4      | Killed Crazy Yiuf
  4985 | D:5      | Entered Level 5 of the Dungeon
  4995 | D:5      | Found a staircase to the Ecumenical Temple.
  5050 | D:5      | Found Rofentif's Jewellery Emporium.
  5181 | D:5      | Reached skill level 12 in Polearms
  5291 | D:5      | Reached XP level 9. HP: 69/69 MP: 9/9
  5371 | D:5      | Found a transporter.
  5375 | D:5      | Noticed an ancient zyme
  5379 | D:5      | Found a transporter.
  5386 | D:5      | Found a one-way gate to the infinite horrors of the Abyss.
  5386 | D:5      | Noticed DrKleor's ghost (novice DsFi)
  5840 | D:6      | Reached skill level 13 in Polearms
  5974 | D:6      | Reached skill level 5 in Armour
  6106 | D:6      | Noticed Blork the orc
  6114 | D:6      | Killed Blork the orc
  6311 | D:6      | Noticed Pikel
  6328 | D:6      | Killed Pikel
  6329 | D:6      | Reached skill level 14 in Polearms
  6756 | D:7      | Noticed Maggie
  6765 | D:7      | Killed Maggie
  6766 | D:7      | Reached skill level 15 in Polearms
  6857 | D:7      | Reached **** piety under Trog
  6942 | D:7      | Reached XP level 10. HP: 39/76 MP: 10/10
  7264 | D:7      | Reached skill level 16 in Polearms
  8416 | D:8      | Reached skill level 17 in Polearms
  8480 | D:8      | Noticed a two-headed ogre
  8488 | D:8      | Killed a two-headed ogre
  8706 | D:8      | Reached skill level 18 in Polearms
  8723 | D:8      | Noticed a white ugly thing
  8730 | D:8      | Killed a white ugly thing
  8929 | D:8      | Noticed a centaur warrior
  8930 | D:8      | Noticed a two-headed ogre
  8930 | D:8      | Noticed a centaur warrior
  8936 | D:8      | Killed a two-headed ogre
  8937 | D:8      | Reached skill level 19 in Polearms
  8937 | D:8      | Reached XP level 11. HP: 23/81 MP: 11/11
  8941 | D:8      | Killed a centaur warrior
  8948 | D:8      | Killed a centaur warrior
  8949 | D:8      | Reached skill level 20 in Polearms
  9181 | D:8      | Identified the +1 hat of Dim Light {Str+3}
  9186 | D:8      | Identified the +7 plate armour of the Game Afoot {rPois rF+
                  | Str-2}
  9220 | D:8      | Found a sparkling altar of Nemelex Xobeh.
  9264 | D:8      | Identified the +7 broad axe "Saz Sot" {flame, rElec Int+2
                  | Dex+7}
  9380 | D:8      | Found a viscous altar of Jiyva.
  9863 | D:8      | Identified the +2 helmet "Biuha" {Int+4}
 10047 | D:9      | Reached skill level 5 in Dodging
 11268 | D:10     | Entered Level 10 of the Dungeon
 11268 | D:10     | Noticed a two-headed ogre
 11277 | D:10     | Killed a two-headed ogre
 12388 | D:10     | Noticed a two-headed ogre
 12397 | D:10     | Killed a two-headed ogre
 12398 | D:10     | Reached XP level 12. HP: 94/94 MP: 12/12
 12604 | D:11     | Noticed a five-headed hydra
 12741 | D:11     | Found Riah's Weapon Shop.
 12763 | D:11     | Found a staircase to the Orcish Mines.
 13211 | D:11     | Identified the +4 cloak of the Zebra {rElec rPois}
 13351 | D:11     | Identified the +12 dagger of the Mind {vorpal, Fragile rN+
                  | Dex+5 Stlth-}
 13488 | D:11     | Killed a five-headed hydra
 13667 | D:11     | Noticed a two-headed ogre
 13675 | D:11     | Killed a two-headed ogre
 13753 | D:11     | Found a staircase to the Lair.
 13858 | Lair:1   | Entered Level 1 of the Lair of Beasts
 13873 | Lair:1   | Noticed a six-headed hydra
 13875 | Lair:1   | Reached skill level 10 in Fighting
 13884 | Lair:1   | Killed a six-headed hydra
 14110 | Lair:1   | You fall into a shaft and drop 1 floor!
 14307 | Lair:1   | Noticed Sonja
 14318 | Lair:1   | Killed Sonja
 14318 | Lair:1   | Reached ***** piety under Trog
 14319 | Lair:1   | Reached skill level 1 in Evocations
 14412 | Lair:1   | Identified the ring "Uqotz" {Dex+4 SInv}
 16208 | Lair:2   | Reached XP level 13. HP: 92/103 MP: 13/13
 16715 | Lair:2   | Reached skill level 5 in Evocations
 17582 | Lair:3   | Reached skill level 10 in Armour
 18126 | Lair:3   | Found a staircase to the Swamp.
 18731 | Lair:4   | Noticed Kirke
 18774 | Lair:3   | Killed Kirke
 18775 | Lair:3   | Reached skill level 21 in Polearms
 19503 | Lair:4   | Received a gift from Trog
 19578 | Lair:4   | Reached skill level 22 in Polearms
 19955 | Lair:4   | Found a hole to the Spider Nest.
 19962 | Lair:4   | Identified the +2 war axe of Disorder {holy, rF+ SInv}
 20173 | Lair:5   | Reached skill level 23 in Polearms
 20191 | Lair:4   | Reached XP level 14. HP: 100/110 MP: 14/14
 20504 | Lair:5   | Reached skill level 24 in Polearms
 21463 | Lair:5   | Received a gift from Trog
 21762 | Lair:6   | Entered Level 6 of the Lair of Beasts
 22536 | Lair:6   | Found a staircase to the Slime Pits.
 22773 | Lair:6   | Reached XP level 15. HP: 109/120 MP: 15/15
 23888 | D:12     | Found a runed translucent gate.
 23888 | D:12     | Found a runed translucent gate.
 23888 | D:12     | Found a runed translucent gate.
 23891 | D:12     | Noticed Pim Xuuc's ghost (journeyman DEWz)
 24149 | D:12     | Identified the +9 battleaxe "Hawolaq" {speed, rC+}
 24177 | D:12     | Reached skill level 1 in Throwing
 24307 | D:12     | Received a gift from Trog
 24702 | D:12     | Killed Pim Xuuc's ghost
 24716 | D:12     | Identified the ring "Cyhuanel" {rF+ Int+6 SInv Stlth+}
 24997 | D:13     | Reached skill level 5 in Throwing
 25524 | D:13     | Found Zoihosong's General Store.
 25529 | D:13     | Found Qediwn's Specific Store.
 25595 | D:13     | Noticed Josephine
 26006 | D:13     | Noticed Frances
 26066 | D:12     | Killed Frances
 26342 | D:13     | Killed Josephine
 26342 | D:13     | Received a gift from Trog
 27301 | D:14     | Found a gate to the Vaults.
 27345 | D:14     | Reached XP level 16. HP: 96/127 MP: 16/16
 27908 | D:14     | Found an iron altar of Okawaru.
 28159 | D:15     | Entered Level 15 of the Dungeon
 28175 | D:15     | Noticed Agnes
 28178 | D:15     | Noticed Jorgrun
 28201 | D:14     | Killed Agnes
 28452 | D:14     | Reached skill level 10 in Throwing
 28744 | D:14     | Identified a scroll of acquirement
 28744 | D:14     | Acquired a manual of Evocations
 29265 | D:15     | Killed Jorgrun
 30245 | D:15     | Found a staircase to the Depths.
 30606 | D:15     | Found a shimmering altar of Xom.
 30850 | Slime:1  | Entered Level 1 of the Pits of Slime
 30923 | Spider:1 | Entered Level 1 of the Spider Nest
 30938 | Lair:4   | Identified the +6 halberd of Lus Hump {antimagic, rC+}
                  | (Trog gifted it to you on level 4 of the Lair of Beasts)
 30938 | Lair:4   | Received a gift from Trog
 31969 | Spider:1 | Identified the amulet of the Cockatrice {*Corrode +Inv
                  | Regen+ Dex+7 SInv}
 32402 | Spider:1 | Received a gift from Trog
 33238 | Orc:1    | Entered Level 1 of the Orcish Mines
 33264 | D:11     | Reached skill level 10 in Evocations
 33514 | Orc:1    | Noticed Harold
 33537 | Orc:1    | Killed Harold
 34075 | Orc:2    | Entered Level 2 of the Orcish Mines
 34194 | Orc:2    | Found Usopnef's Magic Scroll Shop.
 34278 | Orc:2    | Found a burning altar of Makhleb.
 34300 | Orc:2    | Found Covih's General Store.
 34366 | Orc:2    | Found a staircase to the Elven Halls.
 34486 | Orc:2    | Reached ****** piety under Trog
 34529 | Orc:2    | Received a gift from Trog
 35325 | Orc:2    | Found Nimag's Antique Armour Shoppe.
 35327 | Orc:2    | Found Vullalof's Antique Weapon Emporium.
 35664 | Orc:2    | Reached XP level 17. HP: 133/133 MP: 17/17
 35752 | Orc:2    | Found Jaripnasuo's Book Shop.
 35754 | Orc:2    | Found Coshory's Antique Armour Emporium.
 36050 | Orc:2    | Found Ycwiymas's Armour Boutique.
 36288 | Orc:2    | Found Jank's Distillery.
 37060 | Spider:2 | Identified the +5 hand crossbow of the Warrior-Mage {venom,
                  | rPois}
 37494 | Spider:2 | Noticed Donald
 37505 | Spider:2 | Killed Donald
 38020 | Spider:2 | Received a gift from Trog
 38210 | Spider:2 | HP: 6/199 [poisoned by a redback]
 38211 | Spider:2 | HP: 1/199 [demonic crawler (2)]
 38212 | Spider:2 | Succumbed to a redback's poison

Illustrated notes

Levels and vault maps discovered:
D:1:      psy_arrival_whirlpool, layout_basic
D:2:      layout_basic, nicolae_ecumenical_snake_handling, minmay_pentomino_v4
D:3:      layout_rooms, gammafunk_ghost_smash
D:4:      layout_basic, chequers_ossuary_entry_cave, uniq_crazy_yiuf_cottage,
          uniq_robin, uniq_eustachio
D:5:      layout_basic, minmay_temple_entry_drinking_statues, serial_shops,
          nicolae_shop_advertising_works [nicolae_subvault_shop_adworks],
          gammafunk_ghost_abyssal_escape, ebering_dispersal_statue_hall
D:6:      layout_loops_ring, uniq_pikel, uniq_blork_the_orc
D:7:      minmay_razor_zed, layout_loops_ring, uniq_maggie
D:8:      minmay_the_grid_octo_2x2 [minmay_the_grid_octo_pinwheel,
          minmay_the_grid_octo_clover, minmay_the_grid_octo_chip,
          minmay_the_grid_octo_prize_ultimate_mussel_roller], layout_basic,
          mainiacjoe_overflow_brackets, jiyva_altar_1
D:9:      layout_grid_maze
D:10:     nicolae_cairo_tiling_very_big, layout_loops_ring
D:11:     layout_roguey, grunt_lair_entry_orc_guard_hut, orc_0_dummy,
          serial_shops, nicolae_shop_crystal, grunt_ministairs_14
D:12:     layout_basic, gammafunk_ghost_nasty_kobolds
D:13:     cheibrodos_elevator_heist, layout_rooms, nicolae_specific_store,
          uniq_josephine, uniq_frances
D:14:     layout_long_grid, grunt_vaults_entry_fortified, okawaru_trees_1
D:15:     hangedman_depths_entry_try_elsewhere_first, layout_cave_pools,
          xom_teletrap_fun, fountainhead, minmay_misc_feat_diagonals,
          minmay_door_square, uniq_agnes, uniq_jorgrun
Lair:1:   layout_layer_cave, serial_bayou, serial_bayou_shore_b,
          serial_bayou_pond_a, serial_bayou_lagoon_a, serial_bayou_crossing,
          serial_bayou_shore_a, uniq_sonja
Lair:2:   minmay_lair_venomous_thicket, layout_small_grid
Lair:3:   layout_cave_shapes, swamp_mist, infiniplex_staircase_pool,
          grunt_megastairs_3
Lair:4:   layout_roguey, nicolae_spider_entry_non_spiders,
          small_statue_intersection, nicolae_quartered_pool_super, minmay_holes,
          serial_bayou_ford_a, serial_bayou_pond_e, uniq_kirke
Lair:5:   layout_roguey, infiniplex_staircase_pool_2
Lair:6:   grunt_lair_end_beastmaster, layout_cave_pods, slime_dummy,
          kilobyte_rumbling_trees
Spider:1: layout_spider_delve
Spider:2: layout_spider_delve, uniq_donald
Spider:3: layout_spider_delve, drop_trap
Slime:1:  layout_caves
Orc:1:    layout_caves, uniq_harold
Orc:2:    grunt_orc_community_town_hall, layout_diamond_mine,
          grunt_orc_community_big_house_1, grunt_orc_community_big_house_2,
          grunt_orc_community_house_2, grunt_orc_community_house_1,
          grunt_orc_community_house_2, grunt_orc_community_house_2,
          serial_shops, shop, nicolae_shop_stone, shop, shop, bloody_makhleb

Skill      XL: |  1  2  3  4  5  6  7  8  9 10 11 12 13 14 15 16 17 |
---------------+----------------------------------------------------+-----
Polearms       | 5 6 7 8 9 12 15 19 20 23 24 | 24.0
Armour         | 2 3 4 5 6 7 9 10 11 12 | 12.5
Fighting       | 4 5 6 8 10 11 12 | 12.0
Dodging        | 6 |  6.0
Evocations     | 4 6 10 12 | 12.0
Throwing       | 9 13 14 | 14.3

Action                   |  1- 3 |  4- 6 |  7- 9 | 10-12 | 13-15 | 16-18 || total
-------------------------+-------+-------+-------+-------+-------+-------++-------
Melee: Spear             |   132 |   275 |   447 |     9 |       |       ||   863
       Halberd           |       |       |    85 |   764 |   325 |       ||  1174
       Trident           |       |       |       |     5 |    59 |   263 ||   327
       Glaive            |       |       |       |       |   913 |    11 ||   924
       Tailslap          |       |       |       |       |    12 |    19 ||    31
       Bardiche          |       |       |       |       |       |   792 ||   792
Throw: Stone             |       |     2 |     8 |       |       |       ||    10
       Dart              |       |       |       |     9 |    90 |   210 ||   309
       Boomerang         |       |       |       |       |       |     8 ||     8
Invok: Berserk           |     1 |     3 |     9 |    14 |    15 |     8 ||    50
       Trog's Hand       |       |     3 |     3 |     2 |     4 |     3 ||    15
       Brothers in Arms  |       |       |       |     2 |     2 |     1 ||     5
Evoke: Wand              |       |       |       |       |     4 |     1 ||     5
       Lightning rod     |       |       |       |       |     2 |       ||     2
       Tin of tremorston |       |       |       |       |     1 |     2 ||     3
       Condenser vane    |       |       |       |       |       |     1 ||     1
  Use: Scroll            |       |     7 |     8 |    11 |     2 |     1 ||    29
       Potion            |       |       |       |     1 |       |     1 ||     2
 Stab: Sleeping          |     1 |       |       |       |       |       ||     1
       Petrified         |       |       |       |       |    10 |       ||    10
       Petrifying        |       |       |       |       |     3 |       ||     3
       Distracted        |       |       |       |       |     1 |     1 ||     2
Armor: Animal skin       |    21 |       |       |       |       |       ||    21
       Ring mail         |     7 |    18 |       |       |       |       ||    25
       Chain mail        |       |    98 |   166 |    66 |       |       ||   330
       Plate armour      |       |       |       |   332 |   816 |   888 ||  2036
Dodge: Dodged            |    63 |   113 |   139 |   236 |   400 |   418 ||  1369

Table legend: (Time is in decaauts)
 A = Elapsed time spent in this place.
 B = Non-inter-level travel time spent in this place.
 C = Inter-level travel time spent in this place.
 D = Time resting spent in this place.
 E = Time spent auto-exploring this place.
 F = Levels seen in this place.
 G = Mean time per level.
                   A        B        C        D        E       F      G
               +--------+--------+--------+--------+--------+-----+--------+
         Total |  37269 |  35770 |   1499 |   5603 |  23998 |  28 | 1331.0 |
       Dungeon |  19845 |  19170 |    675 |   2231 |  13839 |  15 | 1323.0 |
          Lair |  10806 |  10132 |    674 |   2009 |   6361 |   6 | 1801.0 |
   Spider Nest |   3012 |   2938 |     74 |   1004 |   1507 |   3 | 1004.0 |
    Slime Pits |      1 |      1 |      0 |      0 |      0 |   1 |    1.0 |
  Orcish Mines |   2737 |   2663 |     74 |    130 |   1914 |   2 | 1368.5 |
       Ossuary |    865 |    865 |      0 |    227 |    376 |   1 |  865.0 |
               +--------+--------+--------+--------+--------+-----+--------+

Top non-repeatable levels by time:
    D:14: 2676 daAuts
  Lair:4: 2280 daAuts
  Lair:2: 2253 daAuts
   Orc:2: 2075 daAuts
Spider:1: 1854 daAuts
  Lair:6: 1836 daAuts
     D:8: 1749 daAuts
  Lair:1: 1660 daAuts
     D:9: 1536 daAuts
     D:1: 1507 daAuts
    D:13: 1490 daAuts
     D:7: 1487 daAuts
  Lair:5: 1428 daAuts
    D:11: 1390 daAuts
    D:12: 1385 daAuts
